 Dungeon Crawl Stone Soup version 0.30-a0-748-ge6a52f7cba (webtiles) character file.

Game seed: 14613233716745791620

4462 2FriedEggs the Zephyrmancer (level 10, -10/77 HPs)
             Began as a Demonspawn Air Elementalist on Feb 8, 2023.
             Was a Follower of Ashenzari.
             Mangled by a hornet (11 damage)
             ... while paralysed by a hornet
             ... on level 9 of the Dungeon.
             The game lasted 00:39:43 (11222 turns).

2FriedEggs the Zephyrmancer (DsAE)                 Turns: 11222, Time: 00:39:44

Health: -10/77     AC:  6    Str:  9    XL:     10   Next: 15%
Magic:  0/17       EV:  2    Int: 20    God:    Ashenzari [*.....]
Gold:   464        SH:  0    Dex: 14    Spells: 3/19 levels left

rFire   . . .      SeeInvis .    r - +2 spear (venom)
rCold   + . .      Faith    .    f - +0 buckler of Panopticon {Evo, Cun} (curse)
rNeg    + + .      Spirit   +    n - +2 leather armour {rC+}
rPois   .          Reflect  .    (helmet restricted)
rElec   .          Harm     .    x - +0 cloak of the Shattered Sun {rN++, Alch, Fort} (curse)
rCorr   .          Rampage  .    (no gloves)
Will    +....                    (no boots)
Stlth   ++                       (no amulet)
HPRegen 0.32/turn                m - ring of flight
MPRegen 0.30/turn                D - ring of willpower

@: paralysed, lethally poisoned (-10 -> -16), flying, very slightly
contaminated, slowed
A: claws 2, horns 2, magic shield, magic regeneration
a: Renounce Religion, Curse Item, Shatter the Chains


You were on level 9 of the Dungeon.
You worshipped Ashenzari.
Ashenzari was aware of your devotion.
You visited 2 branches of the dungeon, and saw 10 of its levels.

You collected 464 gold pieces.

Inventory:

Hand Weapons
 r - a +2 spear of venom (weapon)
Armour
 f - the cursed +0 buckler of Panopticon (worn) {Evo, Cun}
   (You found it on level 1 of the Dungeon)

   It has a curse which improves the following skills: Evocations: Evocations.
   Cunning:   Dodging and Stealth.
 n - a +2 leather armour of cold resistance (worn)
 x - the cursed +0 cloak of the Shattered Sun (worn) {rN++, Alch, Fort}
   (You found it on level 5 of the Dungeon)

   rN:        It greatly protects you from negative energy.
   It has a curse which improves the following skills: Alchemy: Poison Magic and
   Transmutations.
   Fortitude: Armour and Shields.
Jewellery
 m - a ring of flight (left claw)
 D - a ring of willpower (right claw)
Wands
 j - a wand of charming (8)
Scrolls
 d - a scroll of brand weapon
 g - 4 scrolls of teleportation
 h - 2 scrolls of fear
 k - a scroll of enchant weapon
 t - 2 scrolls of enchant armour
 u - a scroll of silence
 w - 2 scrolls of blinking
 y - 2 scrolls of magic mapping
 A - 2 scrolls of immolation
Potions
 b - 2 potions of magic
 c - a potion of lignification
 i - 2 potions of cancellation
 o - a potion of invisibility
 q - a potion of flight
 s - 5 potions of curing
 v - a potion of resistance
 B - 2 potions of haste


   Skills:
 + Level 6.8 Fighting
 - Level 1.7(2.4) Dodging
 - Level 1.7(2.4) Stealth
 - Level 5.0(5.8) Shields
 - Level 5.0 Spellcasting
 - Level 1.7 Conjurations
 * Level 4.4(5.2) Transmutations
 * Level 9.0 Air Magic


You had 3 spell levels left.
You knew the following spells:

 Your Spells              Type           Power      Damage    Failure   Level
a - Shock                 Conj/Air       100%       1d9       2%          1
b - Static Discharge      Conj/Air       52%        2-5/arc   3%          2
c - Blink                 Tloc           10%        N/A       30%         2
d - Airstrike             Air            20%        2d(3-19)  4%          4
e - Storm Form            Tmut/Air       16%        N/A       100%        7

Your spell library contained the following spells:

 Spells                   Type           Power      Damage    Failure   Level
 Swiftness                Air            41%        N/A       1%          3
 Cigotuvi's Dreadful Rot  Necr/Pois/Air  34%        N/A       9%          2
 Spider Form              Tmut/Pois      15%        N/A       21%         3
 Ensorcelled Hibernation  Hex/Ice        10%        N/A       30%         2
 Petrify                  Tmut/Erth      15%        N/A       56%         4
 Anguish                  Hex/Necr       2%         N/A       90%         4
 Dispel Undead            Necr           5%         3d7       90%         4
 Manifold Assault         Tloc           5%         N/A       90%         4
 Metabolic Englaciation   Hex/Ice        2%         N/A       99%         5
 Death Channel            Necr           2%         N/A       100%        6
 Statue Form              Tmut/Erth      10%        N/A       100%        6


Dungeon Overview and Level Annotations

Branches:
Dungeon (9/15)             Temple (1/1) D:5
   Lair: D:8-11         Orc: D:9-12

Altars:
Ashenzari
Cheibriados
Dithmenos
Fedhas
Gozag
Hepliaklqana
Kikubaaqudgha
Makhleb
Nemelex Xobeh
Okawaru
Qazlal
Ru
Sif Muna
Trog
Uskayaw
Vehumet
Wu Jian
Xom
Yredelemnul

Shops:
D:6 !

Annotations:
D:5 3 runed translucent doors, SprigganGuy's ghost, novice MiFi; baller8008's ghost, weakling DEDe; gelatine's ghost, novice DsFE


Innate Abilities, Weirdness & Mutations

You have very sharp fingernails.
You have a pair of horns on your head.
When hurt, damage is shared between your health and your magic reserves.
You regenerate magic rapidly.


Message History

The hornet is heavily wounded.
The lightning grounds out.
You feel extremely sick. The hornet stings you!
You feel as though you will be slow longer.
The hornet stings you.
You feel as though you will be slow longer.
The hornet closely misses you.
Unknown command.
Casting: Static Discharge (safe; 3% risk of failure)
Confirm with . or Enter, or press ? or * to list all spells.
The hornet is struck by an arc of lightning.
The hornet is heavily wounded.
You are struck by an arc of lightning.
* * * LOW HITPOINT WARNING * * *
The hornet is struck by an arc of lightning.
The hornet is severely wounded.
The lightning grounds out.
* * * LOW HITPOINT WARNING * * *
You feel very sick. The hornet stings you!
* * * LOW HITPOINT WARNING * * *
You feel as though you will be slow longer.
You block the hornet's attack.
Unknown command.
You feel better. The hornet stings you!
* * * LOW HITPOINT WARNING * * *
You feel as though you will be slow longer.
The hornet closely misses you.
You feel much better. The hornet stings you!
You suddenly lose the ability to move!
The hornet stings you!
* * * LOW HITPOINT WARNING * * *
You are poisoned.
You feel as though you will be slow longer.
The hornet stings you!
* * * LOW HITPOINT WARNING * * *
You feel as though you will be slow longer.
* * * LOW HITPOINT WARNING * * *
You feel sick. The hornet stings you!
You die...

#########
........##########
####........)...@#
#....########y#
##.#.......# #.#
###....#####.###...#
...................#
##...................
#.....#####.###..###.
##....## #..# ..
.....## #..# #


You could see a hornet.

Vanquished Creatures
  Prince Ribbit (D:7)
  A shadow (D:9)
  2 wyverns (D:7)
  2 steam dragons (D:7)
  A water moccasin (D:8)
  3 ice beasts
  An orc warrior (D:9)
  2 ogres (D:6)
  2 black bears
  A centaur (D:8)
  A phantom (D:5)
  A kobold brigand (D:7)
  7 bullfrogs
  A gnoll sergeant (D:5)
  2 scorpions
  10 wights
  9 killer bees
  4 howler monkeys
  3 hounds (D:6)
  An orc priest (D:7)
  A gnoll bouda (D:6)
  5 iguanas
  6 orc wizards
  Robin (D:3)
  7 adders
  11 gnolls
  4 shadow imps
  5 white imps
  2 ufetubi
  4 dart slugs
  34 orcs
  5 ball pythons
  2 bats (D:1)
  10 endoplasms
  3 giant cockroaches
  14 goblins
  9 hobgoblins
  4 jackals (D:3)
  3 quokkas
  3 frilled lizards
  12 kobolds
  4 rats
204 creatures vanquished.

Vanquished Creatures (collateral kills)
  3 gnolls (D:5)
3 creatures vanquished.

Vanquished Creatures (others)
  A wight (D:7)
  4 demonic plants (D:4)
  A plant (D:1)
  A withered plant (D:5)
7 creatures vanquished.

Grand Total: 214 creatures vanquished

Notes
Turn   | Place    | Note
-------+----------+-------------------------------------------
     0 | D:1      | 2FriedEggs the Demonspawn Air Elementalist began the quest
                  | for the Orb.
     0 | D:1      | Reached XP level 1. HP: 13/13 MP: 3/3
   252 | D:1      | Gained mutation: You regenerate magic rapidly. [demonic
                  | ancestry]
   252 | D:1      | Reached XP level 2. HP: 19/19 MP: 2/5
  1092 | D:1      | Discovered your monstrous ancestry.
  1092 | D:1      | Gained mutation: You have a pair of small horns on your
                  | head. [demonic ancestry]
  1092 | D:1      | Reached XP level 3. HP: 24/24 MP: 3/7
  1118 | D:2      | Learned a level 2 spell: Static Discharge
  1891 | D:3      | Gained mutation: You have a pair of horns on your head.
                  | [demonic ancestry]
  1891 | D:3      | Reached XP level 4. HP: 30/30 MP: 10/10
  2221 | D:3      | Noticed a scorpion
  2258 | D:3      | Killed a scorpion
  2259 | D:3      | Reached skill level 5 in Spellcasting
  2259 | D:3      | Reached XP level 5. HP: 31/35 MP: 5/12
  2316 | D:3      | Noticed Robin
  2325 | D:3      | Killed Robin
  2326 | D:3      | Reached skill level 3 in Air Magic
  2995 | D:4      | Found an opulent altar of Gozag.
  3257 | D:4      | Gained mutation: You have sharp fingernails. [demonic
                  | ancestry]
  3257 | D:4      | Reached XP level 6. HP: 41/41 MP: 8/13
  3720 | D:4      | Reached skill level 4 in Air Magic
  3750 | D:4      | Learned a level 2 spell: Blink
  3792 | D:5      | Entered Level 5 of the Dungeon
  3797 | D:5      | Found a staircase to the Ecumenical Temple.
  4912 | Temple   | Entered the Ecumenical Temple
  5117 | Temple   | Became a worshipper of Ashenzari the Shackled
  5309 | D:5      | Reached skill level 5 in Air Magic
  5423 | D:5      | Reached XP level 7. HP: 21/46 MP: 4/14
  5517 | D:4      | Learned a level 4 spell: Airstrike
  5579 | D:5      | Identified the +0 cloak of the Vaults {rN++}
  5596 | D:5      | Reached skill level 1 in Fighting
  5704 | D:5      | Reached skill level 6 in Air Magic
  5943 | D:5      | Found a runed translucent gate.
  5943 | D:5      | Found a runed translucent gate.
  5943 | D:5      | Found a runed translucent gate.
  5944 | D:5      | Noticed baller8008's ghost (weakling DEDe)
  5945 | D:5      | Noticed SprigganGuy's ghost (novice MiFi)
  5945 | D:5      | Noticed gelatine's ghost (novice DsFE)
  6109 | D:6      | Found Pamitz's Distillery.
  6205 | D:6      | Gained mutation: When hurt, damage is shared between your
                  | health and your magic reserves. [demonic ancestry]
  6205 | D:6      | Reached XP level 8. HP: 56/58 MP: 9/15
  6351 | D:6      | Reached skill level 7 in Air Magic
  6691 | D:6      | Reached skill level 1 in Shields
  7347 | D:6      | Found an iron altar of Okawaru.
  7575 | D:7      | Reached skill level 5 in Shields
  7617 | D:7      | Noticed Prince Ribbit
  7634 | D:7      | Killed Prince Ribbit
  7672 | D:7      | Reached XP level 9. HP: 55/67 MP: 0/16
  7777 | D:7      | Reached skill level 5 in Fighting
  8317 | D:7      | Upgraded the game from 0.30-a0-743-gbfdf073431 to
                  | 0.30-a0-748-ge6a52f7cba
  8321 | D:7      | Reached * piety under Ashenzari
  8333 | D:7      | Learned a level 7 spell: Storm Form
  8753 | D:7      | Reached skill level 1 in Transmutations
  8753 | D:7      | Reached skill level 8 in Air Magic
 10627 | D:9      | Gained mutation: You have very sharp fingernails. [demonic
                  | ancestry]
 10627 | D:9      | Reached XP level 10. HP: 37/77 MP: 4/17
 10909 | D:9      | Reached skill level 9 in Air Magic
 11216 | D:9      | Paralysed by a hornet for 2 turns
 11221 | D:9      | Paralysed by a hornet for 2 turns
 11221 | D:9      | HP: 3/77 [hornet (10)]
 11222 | D:9      | HP: 1/77 [poisoned by a hornet]
 11222 | D:9      | Mangled by a hornet

Illustrated notes

Levels and vault maps discovered:
D:1:      psy_arrival_statuary, layout_basic, serial_bayou_pond_c
D:2:      layout_rooms
D:3:      layout_loops_ring, chequers_serial_rivers_micro_c, uniq_robin
D:4:      layout_gridville, grunt_gozag_statues, serial_demonic,
          serial_demonic_d, serial_demonic_c, serial_demonic_e,
          serial_demonic_e, serial_demonic_f, serial_demonic_a,
          serial_demonic_c, serial_demonic_b, feat_on_display
D:5:      layout_rooms, minmay_temple_entry_statues_fountains,
          gammafunk_ghost_cemetery, nrook_pool_corridor,
          nicolae_underground_beach
D:6:      layout_loops_ring, okawaru_altar_gauntlet_db, serial_shops, shop,
          chequers_serial_rivers_micro_e, kennysheep_generic_room_10
D:7:      layout_rooms, chequers_jeans, minmay_curled_crystal,
          uniq_prince_ribbit1
D:8:      layout_gridville, kennysheep_crisscross, grunt_ministairs_13
D:9:      layout_loops_ring
Temple:   nicolae_temple_slightly_damp_pantheon

Skill      XL: |  1  2  3  4  5  6  7  8  9 10 |
---------------+-------------------------------+-----
Spellcasting   | 3 4 5 |  5.0
Air Magic      | 3 5 6 7 8 9 |  9.0
Fighting       | 3 4 6 |  6.8
Shields        | 5 |  5.0
Transmutations | 3 4 |  4.4
Dodging        | |  1.7
Stealth        | |  1.7
Conjurations   | |  1.7

Action                     |  1- 3 |  4- 6 |  7- 9 | 10-12 || total
---------------------------+-------+-------+-------+-------++-------
  Melee: Unarmed           |     2 |       |       |       ||     2
         Whip              |       |     6 |       |       ||     6
         Spear             |       |       |   110 |    40 ||   150
         Headbutt          |       |       |    20 |     5 ||    25
   Fire: Sling             |    27 |    45 |       |       ||    72
   Cast: Shock             |    60 |   150 |   190 |    13 ||   413
         Static Discharge  |     5 |     9 |    79 |    19 ||   112
         Airstrike         |       |       |    10 |       ||    10
         Blink             |       |       |     3 |       ||     3
 Invoke: Curse Item        |       |       |     2 |       ||     2
  Evoke: Wand              |       |     3 |     1 |       ||     4
    Use: Potion            |       |     7 |       |     2 ||     9
         Scroll            |       |     2 |     4 |       ||     6
   Stab: Sleeping          |       |       |     1 |       ||     1
 Armour: Leather armour    |     8 |    33 |    74 |    21 ||   136
  Dodge: Dodged            |    20 |    64 |   121 |    28 ||   233
  Block: Buckler           |       |       |    46 |     6 ||    52

Table legend: (Time is in decaauts)
 A = Elapsed time spent in this place.
 B = Non-inter-level travel time spent in this place.
 C = Inter-level travel time spent in this place.
 D = Time resting spent in this place.
 E = Time spent auto-exploring this place.
 F = Levels seen in this place.
 G = Mean time per level.
                   A        B        C        D        E       F      G
               +--------+--------+--------+--------+--------+-----+--------+
         Total |  11255 |  10561 |    694 |   3284 |   4889 |  10 | 1125.5 |
       Dungeon |  11039 |  10380 |    659 |   3284 |   4731 |   9 | 1226.6 |
        Temple |    215 |    180 |     35 |      0 |    158 |   1 |  215.0 |
               +--------+--------+--------+--------+--------+-----+--------+

Top non-repeatable levels by time:
     D:4: 1995 daAuts
     D:7: 1812 daAuts
     D:6: 1482 daAuts
     D:8: 1215 daAuts
     D:3: 1115 daAuts
     D:5: 1113 daAuts
     D:1: 1094 daAuts
     D:9: 649 daAuts
     D:2: 561 daAuts
  Temple: 215 daAuts
